 Dungeon Crawl Stone Soup version 0.29.1-12-g30fa7ad0bf (webtiles) character file.

Game seed: 17296636631077696263

33 KittyFluff the Trooper (level 3, -1/34 HPs)
             Began as a Gargoyle Berserker on Jan 12, 2023.
             Was a Follower of Trog.
             Slain by a goblin
             ... wielding a +0 club
             ... led by Robin
              (5 damage)
             ... on level 1 of the Dungeon.
             The game lasted 00:05:18 (980 turns).

KittyFluff the Trooper (Gargoyle Berserker)          Turns: 980, Time: 00:05:19

Health: -1/34      AC:  5    Str: 20    XL:     3   Next: 29%
Magic:  3/3        EV: 10    Int:  7    God:    Trog [*.....]
Gold:   96         SH:  6    Dex: 11    Spells: 2/2 levels left

rFire   . . .      SeeInvis .   a - +0 mace
rCold   . . .      Faith    .   e - +0 kite shield
rNeg    + . .      Spirit   .   b - +0 animal skin
rPois   ∞          Reflect  .   (no helmet)
rElec   +          Harm     .   (no cloak)
rCorr   .          Rampage  .   (no gloves)
Will    .....                   (no boots)
Stlth   ..........              (no amulet)
HPRegen 0.11/turn               (no ring)
MPRegen 0.08/turn               (no ring)

@: berserking, very quick
A: sickness immunity, AC +3, negative energy resistance 1, electricity
resistance, torment resistance 1, petrification resistance
a: Renounce Religion, Berserk


You were on level 1 of the Dungeon.
You worshipped Trog.
Trog was aware of your devotion.
You visited 1 branch of the dungeon, and saw 2 of its levels.

You collected 96 gold pieces.

Inventory:

Hand Weapons
 a - a +0 mace (weapon)
Missiles
 h - 12 stones (quivered)
Armour
 b - a +0 animal skin (worn)
 e - a +0 kite shield (worn)
Jewellery
 l - a ring of magical power
Scrolls
 c - a scroll of poison {unknown}
 d - a scroll of butterflies {unknown}
 f - 2 scrolls of identify {unknown}
 k - a scroll of fear {unknown}
Potions
 g - 2 potions of curing {unknown}
 i - a potion of degeneration {unknown}
 j - 2 potions of heal wounds {unknown}


   Skills:
 + Level 3.5 Fighting
 * Level 3.4 Maces & Flails
 * Level 2.9 Armour
 + Level 1.8 Dodging
 + Level 0.5 Shields


You had 2 spell levels left.
You didn't know any spells.
Your spell library was empty.

Dungeon Overview and Level Annotations

Branches:
Dungeon (2/15)

Altars:

Annotations:
D:2 Robin


Innate Abilities, Weirdness & Mutations

You are immune to sickness and miasma.
Your stone body is resilient. (AC +3)
You are immune to poison.
You resist negative energy. (rN+)
You are resistant to electric shocks. (rElec)
You are resistant to unholy torment.
You are immune to petrification.


Message History

You kill the goblin!
Trog accepts your kill.
A goblin comes into view. It is wielding a +0 dagger.
You thump the hobgoblin!
You kill the hobgoblin!
Trog accepts your kill.
A hobgoblin comes into view.
You hit the goblin but do no damage. The goblin hits you but does no damage.
A goblin comes into view. It is wielding a +0 dagger.
The goblin hits you with a +0 dagger.
You closely miss the goblin. You block the goblin's attack.
A goblin comes into view. It is wielding a +0 club.
You closely miss the goblin.
The goblin hits you with a +0 dagger. x2
You hit the goblin.
The goblin is moderately wounded.
Robin throws the goblin at you! The goblin hits you but does no damage.
A goblin comes into view. It is wielding a +0 dagger.
The goblin barely misses you.
You hit the goblin.
The goblin is severely wounded.
The goblin closely misses you. The goblin hits you but does no damage.
You block the goblin's attack. The goblin hits you with a +0 dagger.
You hit the goblin.
You kill the goblin!
Trog accepts your kill. The goblin hits you with a +0 dagger.
A goblin comes into view. It is wielding a +0 dagger.
The goblin no longer looks unusually strong.
The goblin hits you with a +0 dagger. The goblin hits you with a +0 club.
* * * LOW HITPOINT WARNING * * *
You climb upwards.
There is a stone staircase leading down here.
The goblin hits you with a +0 club.
* * * LOW HITPOINT WARNING * * *
The goblin attacks as you move away! You block the goblin's attack.
A red film seems to cover your vision as you go berserk!
You feel yourself moving faster!
You feel mighty! You block the goblin's attack.
You barely miss the goblin. The goblin hits you with a +0 club.
You die...

..# #.# #.## ..#
#.# #.# ..# #.###
#.# ..#
#...######.#
..####
###.....#..#
.....# #####.#.##
.....# #..g#
.....# ###g#
.....# #@#
.....###########.#
.................#
......############
......# ......#
#####.# #.# #.#


You could see 2 goblins.

Vanquished Creatures
  4 endoplasms (D:1)
  5 goblins
  5 hobgoblins
  4 jackals (D:1)
  5 bats (D:1)
  A frilled lizard (D:1)
  3 kobolds (D:1)
  2 rats (D:1)
29 creatures vanquished.

Notes
Turn   | Place    | Note
-------+----------+-------------------------------------------
     0 | D:1      | KittyFluff the Gargoyle Berserker began the quest for the
                  | Orb.
     0 | D:1      | Reached XP level 1. HP: 14/14 MP: 1/1
   109 | D:1      | Reached XP level 2. HP: 15/19 MP: 2/2
   471 | D:1      | Reached XP level 3. HP: 23/23 MP: 3/3
   742 | D:1      | Reached ** piety under Trog
   965 | D:2      | Noticed Robin
   980 | D:1      | Slain by a goblin

Illustrated notes

Levels and vault maps discovered:
D:1:      pf_arrival_petrified_forest, layout_basic, roderic_serpentine_path,
          minmay_box_of_dots
D:2:      layout_loops_corners, uniq_robin, uniq_terence

Action                   || total
-------------------------++-------
Melee: Mace              ||    77
Invok: Berserk           ||     1
Armor: Animal skin       ||    30
Dodge: Dodged            ||    46
Block: Kite shield       ||    20
